 Dungeon Crawl Stone Soup version 0.28.0-43-g3370ac3207 (webtiles) character file.

Game seed: 4375385207647416676

331 Ablot the Grasshopper (level 6, 0/51 HPs)
             Began as a Gnoll Warper on Mar 5, 2022.
             Succumbed to a gnoll's poison
             ... on level 4 of the Dungeon.
             The game lasted 00:04:46 (3925 turns).

Ablot the Grasshopper (Gnoll Warper)                Turns: 3925, Time: 00:04:47

Health: 0/51       AC:  8    Str: 12    XL:     6   Next: 51%
Magic:  12/14      EV: 17    Int: 13    God:
Gold:   199        SH:  0    Dex: 11    Spells: 10/15 levels left

rFire   . . .      SeeInvis .   q - +1 war axe (vamp)
rCold   . . .      Faith    .   (no shield)
rNeg    . . .      Spirit   .   b - +0 leather armour
rPois   .          Reflect  .   o - +0 helmet
rElec   .          Harm     .   (no cloak)
rCorr   .          Rampage  .   (no gloves)
Will    .....                   (no boots)
Stlth   ++........              (no amulet)
HPRegen 0.17/turn               r - +4 ring of evasion
MPRegen 0.14/turn               n - +4 ring of protection

@: lethally poisoned (0 -> -16), on blink cooldown, hasted, very quick
A: fangs 1, strong nose, distributed training
a: no special abilities


You were on level 4 of the Dungeon.
You visited 1 branch of the dungeon, and saw 4 of its levels.

You collected 199 gold pieces.

Inventory:

Hand Weapons
 a - a +0 spear
 q - a +1 vampiric war axe (weapon)
Missiles
 d - 5 boomerangs of dispersal
 f - 109 stones
 g - 5 bolts
 h - 12 arrows
 l - 12 poisoned darts (quivered)
 m - 3 javelins
Armour
 b - a +0 leather armour (worn)
 o - a +0 helmet (worn)
Jewellery
 j - a ring of see invisible
 n - a +4 ring of protection (right hand)
 r - a +4 ring of evasion (left hand)
Scrolls
 c - a scroll of blinking
 i - a scroll of teleportation {unknown}
 k - 2 scrolls of immolation
 v - a scroll of enchant weapon {unknown}
Potions
 e - a potion of cancellation
 p - a potion of haste
 s - a potion of degeneration {unknown}
 t - a potion of lignification {unknown}
 u - 3 potions of curing {unknown}


   Skills:
 + Level 5.0 Fighting
 + Level 2.0 Short Blades
 + Level 2.0 Long Blades
 + Level 2.0 Axes
 + Level 2.0 Maces & Flails
 + Level 5.0 Polearms
 + Level 2.0 Staves
 + Level 2.0 Slings
 + Level 2.0 Bows
 + Level 2.0 Crossbows
 + Level 3.2 Throwing
 + Level 3.2 Armour
 + Level 5.0 Dodging
 + Level 2.0 Stealth
 + Level 2.0 Shields
 + Level 2.0 Unarmed Combat
 + Level 5.4 Spellcasting
 + Level 1.5 Conjurations
 + Level 1.5 Hexes
 + Level 1.5 Summonings
 + Level 1.5 Necromancy
 + Level 5.6 Translocations
 + Level 1.5 Transmutations
 + Level 1.5 Fire Magic
 + Level 1.5 Ice Magic
 + Level 1.5 Air Magic
 + Level 1.5 Earth Magic
 + Level 1.5 Poison Magic
 + Level 2.2 Invocations
 + Level 2.0 Evocations


You had 10 spell levels left.
You knew the following spells:

 Your Spells              Type           Power      Damage    Failure   Level
a - Blink                 Tloc           36%        N/A       3%          2
b - Sting                 Tmut/Pois      28%        1d4       12%         1
c - Poisonous Vapours     Pois/Air       14%        N/A       19%         2

Your spell library contained the following spells:

 Spells                   Type           Power      Damage    Failure   Level
 Gell's Gravitas          Tloc           18%        N/A       7%          3
 Lesser Beckoning         Tloc           18%        N/A       7%          3
 Teleport Other           Tloc           18%        N/A       7%          3
 Shock                    Conj/Air       28%        1d4       12%         1
 Swiftness                Air            7%         N/A       34%         3
 Manifold Assault         Tloc           18%        N/A       52%         5
 Airstrike                Air            3%         N/A       75%         4
 Olgreb's Toxic Radiance  Pois           7%         N/A       75%         4


Dungeon Overview and Level Annotations

Branches:
Dungeon (4/15)
 Temple: D:4-7

Altars:
Xom
The Shining One


Innate Abilities, Weirdness & Mutations

You have very sharp teeth.
Your uncanny sense of smell can sniff out nearby items.
Your experience applies equally to all skills.


Message History

The gnoll hits you from afar with a +0 spear.
The gnoll completely misses you.
An endoplasm comes into view.
The gnoll hits you with a +0 spear. The gnoll hits you with a +0 club.
The gnoll hits you from afar with a +0 spear of venom.
The gnoll closely misses you.
The endoplasm quivers.
The gnoll hits you with a +0 club.
The gnoll hits you from afar with a +0 spear!
* * * LOW HITPOINT WARNING * * *
The gnoll barely misses you.
You closely miss the gnoll.
The gnoll is lightly wounded.
The gnoll barely misses you. The gnoll completely misses you.
The gnoll hits you from afar with a +0 spear.
* * * LOW HITPOINT WARNING * * *
The gnoll completely misses you. The gnoll misses you.
Cast which spell? (? or * to list)
You don't know that spell.
Cast which spell? (? or * to list)
You blink.
The endoplasm hits you but does no damage.
The gnoll hits you but does no damage.
You are lethally poisoned!
Unknown command.
It was a potion of cancellation.
Your magical effects are unravelling.
You feel magically purged.
You are no longer glowing.
* * * LOW HITPOINT WARNING * * *
You feel very sick. The endoplasm freezes you.
You are frozen.
* * * LOW HITPOINT WARNING * * *
The gnoll hits you from afar with a +0 spear.
* * * LOW HITPOINT WARNING * * *
The gnoll hits you but does no damage.
You are more poisoned.
It was a potion of haste.
You feel yourself speed up.
You die...

...$....# ######.
........## #......
g........###
#......
...........#
#......
...........#
##...... #......#
#....... #......#
#....... #......#
#....... ###J@..#
#....... #....#
#....... #..gg#
#.......
####g###+###.......
#.#.....#.######
#.........#
###....[### ###'###
#...#


You could see 3 gnolls and an endoplasm.

Vanquished Creatures
  A gnoll shaman (D:4)
  A hound (D:4)
  An orc priest (D:3)
  2 orc wizards (D:3)
  2 hound skeletons (D:4)
  Robin (D:3)
  A gnoll (D:4)
  4 adders
  2 worms
  A dart slug (D:2)
  8 orcs (D:3)
  7 endoplasms
  2 giant cockroaches
  17 goblins
  12 hobgoblins
  9 kobolds
  3 quokkas
  6 ball pythons
  7 bats
  3 frilled lizards
  7 rats
97 creatures vanquished.

Notes
Turn   | Place    | Note
-------+----------+-------------------------------------------
     0 | D:1      | Ablot the Gnoll Warper began the quest for the Orb.
     0 | D:1      | Reached XP level 1. HP: 20/20 MP: 6/6
   107 | D:1      | Reached XP level 2. HP: 26/26 MP: 7/7
   110 | D:1      | Learned a level 2 spell: Blink
   586 | D:1      | Reached XP level 3. HP: 31/31 MP: 9/9
   704 | D:1      | Reached skill level 5 in Spellcasting
   962 | D:2      | HP: 1/31 [poisoned by an adder]
   964 | D:2      | Reached skill level 1 in Invocations
  1541 | D:2      | Reached skill level 1 in Short Blades
  1541 | D:2      | Reached skill level 1 in Long Blades
  1541 | D:2      | Reached skill level 1 in Axes
  1541 | D:2      | Reached skill level 1 in Maces & Flails
  1541 | D:2      | Reached skill level 1 in Staves
  1541 | D:2      | Reached skill level 1 in Slings
  1541 | D:2      | Reached skill level 1 in Bows
  1541 | D:2      | Reached skill level 1 in Crossbows
  1541 | D:2      | Reached skill level 1 in Stealth
  1541 | D:2      | Reached skill level 1 in Shields
  1541 | D:2      | Reached skill level 1 in Unarmed Combat
  1541 | D:2      | Reached skill level 1 in Evocations
  1929 | D:2      | Found a shimmering altar of Xom.
  1999 | D:2      | Reached XP level 4. HP: 35/38 MP: 11/11
  2158 | D:2      | Found a faded altar of an unknown god.
  2888 | D:3      | Reached skill level 1 in Conjurations
  2888 | D:3      | Reached skill level 1 in Hexes
  2888 | D:3      | Reached skill level 1 in Summonings
  2888 | D:3      | Reached skill level 1 in Necromancy
  2888 | D:3      | Reached skill level 1 in Transmutations
  2888 | D:3      | Reached skill level 1 in Fire Magic
  2888 | D:3      | Reached skill level 1 in Ice Magic
  2888 | D:3      | Reached skill level 1 in Air Magic
  2888 | D:3      | Reached skill level 1 in Earth Magic
  2888 | D:3      | Reached skill level 1 in Poison Magic
  2992 | D:3      | Reached XP level 5. HP: 39/40 MP: 12/12
  3102 | D:3      | Noticed Robin
  3108 | D:3      | Killed Robin
  3488 | D:3      | Reached XP level 6. HP: 50/50 MP: 13/13
  3654 | D:4      | Learned a level 1 spell: Sting
  3657 | D:4      | Learned a level 2 spell: Poisonous Vapours
  3838 | D:4      | Found a glowing golden altar of the Shining One.
  3865 | D:4      | Reached skill level 5 in Fighting
  3865 | D:4      | Reached skill level 5 in Polearms
  3865 | D:4      | Reached skill level 5 in Dodging
  3925 | D:4      | Succumbed to a gnoll's poison

Illustrated notes

Levels and vault maps discovered:
D:1:      sevenhm_arrival_forest_fort_large_4, layout_rooms,
          columned_hall_lemuel
D:2:      layout_basic, hellmonk_ecumenical_altar_blasted, basic_altar
D:3:      layout_rooms, uniq_robin
D:4:      layout_basic, grunt_temple_overflow_holy_war, grunt_ministairs_15,
          chequers_serial_rivers_micro_e

Skill      XL: |  1  2  3  4  5  6 |
---------------+-------------------+-----
Spellcasting   | 5 |  5.4
Invocations    | 1 2 |  2.2
Short Blades   | 1 2 |  2.0
Long Blades    | 1 2 |  2.0
Axes           | 1 2 |  2.0
Maces & Flails | 1 2 |  2.0
Staves         | 1 2 |  2.0
Slings         | 1 2 |  2.0
Bows           | 1 2 |  2.0
Crossbows      | 1 2 |  2.0
Stealth        | 1 2 |  2.0
Shields        | 1 2 |  2.0
Unarmed Combat | 1 2 |  2.0
Evocations     | 1 2 |  2.0
Conjurations   | 1 |  1.5
Hexes          | 1 |  1.5
Summonings     | 1 |  1.5
Necromancy     | 1 |  1.5
Transmutations | 1 |  1.5
Fire Magic     | 1 |  1.5
Ice Magic      | 1 |  1.5
Air Magic      | 1 |  1.5
Earth Magic    | 1 |  1.5
Poison Magic   | 1 |  1.5
Throwing       | 3 |  3.2
Armour         | 3 |  3.2
Fighting       | 5 |  5.0
Polearms       | 5 |  5.0
Dodging        | 5 |  5.0
Translocations | |  5.6

Action                   |  1- 3 |  4- 6 || total
-------------------------+-------+-------++-------
Melee: Spear             |   143 |    83 ||   226
       Bite              |     7 |    21 ||    28
       Dagger            |       |    11 ||    11
       Punch             |       |     2 ||     2
       War axe           |       |   158 ||   158
 Cast: Blink             |       |     1 ||     1
  Use: Potion            |       |     2 ||     2
 Stab: Sleeping          |     2 |     2 ||     4
       Distracted        |       |     1 ||     1
Armor: Leather armour    |    22 |    65 ||    87
Dodge: Dodged            |    66 |   240 ||   306
